 Dungeon Crawl Stone Soup version 0.31-a0-152-g6aa68a64a1 (webtiles) character file.

Game seed: 4723245820694739146

617 qw the Skirmisher (level 7, -1/61 HPs)
             Began as a Minotaur Hunter on June 9, 2023.
             Slain by an orc wizard
             ... wielding a +1 dagger of venom
              (4 damage)
             ... on level 4 of the Dungeon.
             The game lasted 00:01:24 (4188 turns).

qw the Skirmisher (Minotaur Hunter)                 Turns: 4188, Time: 00:01:25

Health: -1/61      AC:  6    Str: 15    XL:     7   Next: 21%
Magic:  6/6        EV: 11    Int:  6    God:
Gold:   111        SH:  0    Dex: 16    Spells: 6/6 levels left

rFire   . . .        Y - +1 shortbow
rCold   . . .        (shield currently unavailable)
rNeg    . . .        a - +0 ring mail
rPois   .            (helmet restricted)
rElec   .            (no cloak)
rCorr   .            (no gloves)
SInv    .            d - +0 pair of boots
Will    .....        (no amulet)
Stlth   +            (no ring)
HPRegen 0.30/turn    (no ring)
MPRegen 0.10/turn

%: no passive effects
@: lethally poisoned (-1 -> -14)
A: horns 2, retaliatory headbutt
a: no special abilities


You were on level 4 of the Dungeon.
You visited 1 branch of the dungeon, and saw 5 of its levels.

You collected 171 gold pieces.
You spent 60 gold pieces at shops.


Innate Abilities, Weirdness & Mutations

You have a pair of horns on your head.
You reflexively headbutt those who attack you in melee.


   Skills:
 - Level 5.1 Fighting
 - Level 8.1 Ranged Weapons
 - Level 2.5 Armour
 + Level 2.6 Dodging
 - Level 0.7 Stealth


You had 6 spell levels left.
You didn't know any spells.
Your spell library was empty.

Inventory:

Hand Weapons
 Y - a +1 shortbow (weapon)
Armour
 a - a +0 ring mail (worn)
 d - a +0 pair of boots (worn)
Scrolls
 b - a scroll of identify
Potions
 e - a potion of curing
 j - a potion of cancellation
 k - a potion of haste {unknown}

Dungeon Overview and Level Annotations

Branches:
Dungeon (5/15)
 Temple: D:4-7

Altars:
Uskayaw

Shops:
D:2 !

Annotations:
D:2 1 runed translucent door, Crazy Yiuf


Message History

You shoot an arrow. The arrow hits the orc priest!
The orc priest is almost dead.
You feel very sick.
You hear some strange, mumbled words.
Something tries to affect you, but you resist.
Something hits you but does no damage.
The orc priest looks satisfied for a moment.
You shoot an arrow. The arrow hits the orc priest.
The orc priest is almost dead.
You feel very sick.
You hear some strange, mumbled words.
A puff of flame appears from out of thin air!
The puff of flame hits you. Something hits you but does no damage.
The orc priest hits you with a +0 hand axe.
You shoot an arrow.
The arrow hits the orc priest but does no damage.
The orc priest is almost dead.
You feel sick. Something hits you but does no damage.
You are more poisoned.
Something hits you but does no damage.
The orc priest hits you but does no damage.
You shoot an arrow. The arrow hits the orc priest.
You kill the orc priest!
You feel very sick. Something hits you.
You are more poisoned.
Something hits you but does no damage.
You shoot an arrow.
You feel very sick.
You hear some strange, mumbled words.
Something tries to affect you, but you resist.
Something hits you. Something hits you but does no damage.
You are more poisoned.
You hear some strange, mumbled words.
A puff of flame appears from out of thin air!
The puff of flame hits you.
You shoot an arrow.
You feel very sick. Something hits you.
You die...

......## ##.#.# #.......## ##
.......####....#####.###....####.
.......+.......................'.
.......####...#.####.###....####.
.............##.# #.# #...## ##
.....#.#####.##.# #.# ###.# #
#...##.# #.##.# #.# #.# ##+###.#
###.##{## #.#####.# #.# #.#
#....<{@# #.......# #.#
#.###.#.##)## #######.#
##.###.:.....#### #.#
#...######.### #.# .....# #.# #.#
## #...## #.# #.# #. ##.#######.#
#.#####. ...........# #.......
##.######### ########


There were no monsters in sight!

Vanquished Creatures
  A black bear (D:3)
  An ogre (D:4)
  A scorpion (D:4)
  A howler monkey (D:4)
  An orc priest (D:4)
  A hound (D:4)
  An iguana (D:4)
  Terence (D:2)
  Ijyb (D:4)
  Natasha (twice) (D:2)
  An orc wizard (D:3)
  Robin (D:2)
  4 adders
  An ufetubus (D:4)
  2 dart slugs (D:3)
  2 worms (D:3)
  8 orcs
  7 ball pythons
  3 endoplasms
  2 giant cockroaches
  12 goblins
  6 hobgoblins
  5 kobolds
  A quokka (D:1)
  4 bats
  3 frilled lizards
  5 rats
78 creatures vanquished.

Notes
Turn   | Place    | Note
-------+----------+-------------------------------------------
     0 | D:1      | qw the Minotaur Hunter began the quest for the Orb.
     0 | D:1      | Reached XP level 1. HP: 18/18 MP: 0/0
     0 | D:1      | 0 ||| qw: Version: 0.2-a-121-gba3a3e5
     0 | D:1      | 0 ||| qw: Game counter: 3216
     0 | D:1      | 0 ||| qw: Always use a shield: true
     0 | D:1      | 0 ||| qw: God list: Okawaru
     0 | D:1      | 0 ||| qw: Allow faded altars: false
     0 | D:1      | 0 ||| qw: Do Orc after D:15 true
     0 | D:1      | 0 ||| qw: Do second Lair branch before Depths: true
     0 | D:1      | 0 ||| qw: Lair rune preference: random
     0 | D:1      | 0 ||| qw: Plans: Normal
     0 | D:1      | 0 ||| PLANNING D:1-11
   203 | D:1      | Reached XP level 2. HP: 25/25 MP: 1/1
   225 | D:1      | Reached skill level 5 in Ranged Weapons
   274 | D:1      | You fall into a shaft and drop 1 floor!
   313 | D:2      | 313 ||| READING scroll labelled LUSIOC MONES.
   314 | D:2      | 314 ||| READING 3 scrolls labelled JAGYHEEHAU.
   315 | D:2      | 315 ||| DROPPING scroll of butterflies.
   316 | D:2      | 316 ||| DROPPING 2 scrolls of poison.
   318 | D:2      | 318 ||| Stepping ~*~*~tactically~*~*~ (cloud).
   324 | D:2      | HP: 6/25 [poisoned by you (poison gas)]
   413 | D:2      | 413 ||| STAIRDANCE
   690 | D:1      | 690 ||| UPGRADING to +0 ring mail.
   700 | D:1      | 700 ||| DROPPING +0 leather armour.
   728 | D:2      | Found a hide-covered altar of Uskayaw.
   834 | D:2      | Found a runed translucent door.
   835 | D:2      | Noticed Crazy Yiuf
   867 | D:2      | Noticed Terence
   877 | D:2      | Killed Terence
   878 | D:2      | Reached XP level 3. HP: 19/30 MP: 2/2
   956 | D:2      | Noticed Robin
   960 | D:2      | Reached skill level 3 in Fighting
   967 | D:2      | Killed Robin
   976 | D:2      | HP: 7/31 [goblin/+0 dagger[Robin] (3)]
   980 | D:2      | Reached XP level 4. HP: 10/38 MP: 3/3
  1039 | D:2      | 1039 ||| FLEEEEING.
  1040 | D:2      | 1040 ||| FLEEEEING.
  1041 | D:2      | 1041 ||| FLEEEEING.
  1042 | D:2      | 1042 ||| FLEEEEING.
  1043 | D:2      | 1043 ||| FLEEEEING.
  1044 | D:2      | 1044 ||| FLEEEEING.
  1045 | D:2      | 1045 ||| FLEEEEING.
  1046 | D:2      | 1046 ||| FLEEEEING.
  1047 | D:2      | 1047 ||| FLEEEEING.
  1048 | D:2      | 1048 ||| FLEEEEING.
  1049 | D:2      | 1049 ||| FLEEEEING.
  1050 | D:2      | 1050 ||| FLEEEEING.
  1051 | D:2      | 1051 ||| FLEEEEING.
  1052 | D:2      | 1052 ||| FLEEEEING.
  1053 | D:2      | 1053 ||| FLEEEEING.
  1054 | D:2      | 1054 ||| FLEEEEING.
  1055 | D:2      | 1055 ||| FLEEEEING.
  1056 | D:2      | 1056 ||| FLEEEEING.
  1057 | D:2      | 1057 ||| FLEEEEING.
  1058 | D:2      | 1058 ||| FLEEEEING.
  1059 | D:2      | 1059 ||| FLEEEEING.
  1060 | D:2      | 1060 ||| FLEEEEING.
  1061 | D:2      | 1061 ||| FLEEEEING.
  1062 | D:2      | 1062 ||| FLEEEEING.
  1063 | D:2      | 1063 ||| FLEEEEING.
  1064 | D:2      | 1064 ||| FLEEEEING.
  1065 | D:2      | 1065 ||| FLEEEEING.
  1066 | D:2      | 1066 ||| FLEEEEING.
  1067 | D:2      | 1067 ||| FLEEEEING.
  1068 | D:2      | 1068 ||| FLEEEEING.
  1069 | D:2      | 1069 ||| FLEEEEING.
  1070 | D:2      | 1070 ||| FLEEEEING.
  1071 | D:2      | 1071 ||| FLEEEEING.
  1071 | D:2      | Noticed Natasha
  1072 | D:2      | 1072 ||| Stepping ~*~*~tactically~*~*~ (outnumbered).
  1090 | D:2      | Killed Natasha
  1195 | D:2      | Noticed Natasha
  1208 | D:2      | Killed Natasha
  1209 | D:2      | Reached skill level 6 in Ranged Weapons
  1244 | D:2      | Found Yskeiwukh's Distillery.
  1251 | D:2      | 1251 ||| BUYING potion of curing (30 gold).
  1251 | D:2      | Bought a potion of curing for 30 gold pieces
  1251 | D:2      | 1251 ||| BUYING potion of curing (30 gold).
  1251 | D:2      | Bought a potion of curing for 30 gold pieces
  1251 | D:2      | 1251 ||| SHOPLISTING potion of heal wounds (50 gold, have
                  | 2).
  1251 | D:2      | 1251 ||| SHOPLISTING potion of mutation (80 gold, have 2).
  1685 | D:2      | 1685 ||| READING scroll labelled NANGUO URPHAEWK.
  1758 | D:2      | 1758 ||| DRINKING 2 fizzy brown potions.
  1785 | D:3      | Reached XP level 5. HP: 43/45 MP: 4/4
  2643 | D:3      | 2643 ||| READING scroll labelled NIYDEVVAEGG.
  2644 | D:3      | 2644 ||| READING scroll labelled BUD OXTA TUMAB.
  2645 | D:3      | 2645 ||| READING scroll labelled GEEREGGECO.
  2646 | D:3      | 2646 ||| DRINKING 2 sedimented coppery potions.
  2672 | D:3      | 2672 ||| DROPPING potion of lignification.
  2711 | D:4      | Noticed a black bear
  2714 | D:4      | 2714 ||| STAIRDANCE
  2725 | D:3      | HP: 11/46 [black bear (1)]
  2726 | D:3      | 2726 ||| DRINKING potion of heal wounds.
  2731 | D:3      | Killed a black bear
  2732 | D:3      | Reached XP level 6. HP: 31/52 MP: 5/5
  3058 | D:4      | Reached skill level 7 in Ranged Weapons
  3587 | D:4      | 3587 ||| UPGRADING to +0 pair of boots.
  3592 | D:4      | 3592 ||| DROPPING ring of flight.
  3593 | D:4      | 3593 ||| READING scroll labelled HUSYXY CISHRUAG.
  3594 | D:4      | 3594 ||| READING 2 scrolls labelled GAJ GAUKYXIYLETT.
  3595 | D:4      | 3595 ||| DRINKING 2 metallic inky potions.
  3700 | D:4      | 3700 ||| READING 4 scrolls of identify.
  3700 | D:4      | 3700 ||| IDENTIFYING inky potion
  3701 | D:4      | 3701 ||| READING 3 scrolls of identify.
  3701 | D:4      | 3701 ||| IDENTIFYING fuming orange potion
  3702 | D:4      | 3702 ||| READING 2 scrolls of identify.
  3702 | D:4      | 3702 ||| IDENTIFYING glowing purple potion
  3703 | D:4      | 3703 ||| DROPPING potion of berserk rage.
  3704 | D:4      | 3704 ||| DROPPING potion of enlightenment.
  3705 | D:4      | 3705 ||| DROPPING potion of magic.
  3706 | D:4      | 3706 ||| DROPPING scroll of summoning.
  3746 | D:5      | Entered Level 5 of the Dungeon
  3750 | D:5      | Noticed Ijyb
  3753 | D:5      | 3753 ||| STAIRDANCE
  3826 | D:5      | 3826 ||| STAIRDANCE
  3828 | D:4      | HP: 5/52 [ogre/+0 giant club (21)]
  3829 | D:4      | 3829 ||| DRINKING potion of heal wounds.
  3834 | D:4      | Reached skill level 8 in Ranged Weapons
  3911 | D:5      | 3911 ||| STAIRDANCE
  4050 | D:5      | 4050 ||| STAIRDANCE
  4055 | D:4      | Reached XP level 7. HP: 32/60 MP: 6/6
  4057 | D:4      | Killed Ijyb
  4177 | D:5      | 4177 ||| STAIRDANCE
  4179 | D:4      | 4179 ||| DRINKING 2 potions of curing.
  4179 | D:4      | 4179 ||| (to cure confusion)
  4187 | D:4      | HP: 15/61 [poisoned by an orc wizard]
  4188 | D:4      | HP: 3/61 [poisoned by an orc wizard]
  4188 | D:4      | Slain by an orc wizard

Levels and vault maps discovered:
D:1:      dpeg_arrival_windows_large_door, layout_basic, minivault_23,
          minmay_tree_intersection
D:2:      layout_basic, basic_altar, serial_shops, shop, minmay_misc_feat_chi,
          minmay_misc_feat_iff, uniq_natasha, uniq_robin, uniq_terence,
          uniq_crazy_yiuf_cottage
D:3:      layout_loops_ring, dreamdust_princess_bridge
D:4:      layout_loops_corners
D:5:      layout_rooms, general_overflow_altar,
          mainiacjoe_overflow_divided_tiny, grunt_ministairs_14, uniq_ijyb

Skill      XL: |  1  2  3  4  5  6  7 |
---------------+----------------------+-----
Ranged Weapons | 5 6 8 |  8.1
Armour         | 2 |  2.5
Fighting       | 3 4 5 |  5.1
Dodging        | |  2.6
Stealth        | |  0.7

Action                     |  1- 3 |  4- 6 |  7- 9 || total
---------------------------+-------+-------+-------++-------
   Fire: Shortbow          |    71 |   206 |    15 ||   292
    Use: Scroll            |     2 |     9 |       ||    11
         Potion            |       |     5 |     1 ||     6
 Armour: Leather armour    |     1 |       |       ||     1
         Ring mail         |    12 |    58 |    15 ||    85
  Dodge: Dodged            |    27 |    99 |     5 ||   131

Table legend:
 A = Non-vault XP
 B = Vault XP
 C = Vault XP percentage of total XP
 D = Non-vault monster count
 E = Vault monster count
 F = Vault count percentage of total count
                 A         B        C        D         E       F
            +---------+---------+-------+---------+---------+-------
      Total |     742 |     140 |  15.9 |      64 |      14 |  17.9
            +---------+---------+-------+---------+---------+-------
        D:1 |      23 |       0 |   0.0 |      14 |       0 |   0.0
        D:2 |      68 |     104 |  60.5 |       7 |      13 |  65.0
        D:3 |     226 |       0 |   0.0 |      26 |       0 |   0.0
        D:4 |     425 |      36 |   7.8 |      17 |       1 |   5.6
            +---------+---------+-------+---------+---------+-------
